 Dungeon Crawl Stone Soup version 0.22-a0-322-g60b3cfd (webtiles) character file.

716 sankara the Cleaver (level 7, -5/61 HPs)
             Began as a Hill Orc Fighter on Apr 4, 2018.
             Was an Initiate of Kikubaaqudgha.
             Slain by Prince Ribbit (14 damage)
             ... on level 5 of the Dungeon.
             The game lasted 00:11:38 (4777 turns).

sankara the Cleaver (Hill Orc Fighter)              Turns: 4777, Time: 00:11:39

Health: -5/61      AC:  6    Str: 19      XL:     7   Next: 69%
Magic:  7/7        EV:  7    Int: 10      God:    Kikubaaqudgha [......]
Gold:   139        SH:  8    Dex:  3 (10) Spells: 6/6 levels left

rFire    . . .     SeeInvis .   a - +0 war axe
rCold    . . .     Gourm    .   c - +0 shield
rNeg     + . .     Faith    .   h - +0 scale mail
rPois    .         Spirit   .   (no helmet)
rElec    .         Reflect  .   (no cloak)
rCorr    .         Harm     .   (no gloves)
MR       .....                  (no boots)
Stlth    ..........             v - amulet of the acrobat
HPRegen  0.20/turn              o - ring of positive energy {rN+}
MPRegen  0.10/turn              (no ring)

@: no status effects
A: no striking features
a: Renounce Religion


You were on level 5 of the Dungeon.
You worshipped Kikubaaqudgha.
Kikubaaqudgha was noncommittal.
You were not hungry.

You visited 1 branch of the dungeon, and saw 5 of its levels.

You collected 139 gold pieces.

Inventory:

Hand Weapons
 a - a +0 war axe (weapon)
 b - a +0 hunting sling of freezing
   (You found it on level 1 of the Dungeon)
 y - the cursed +2 mace of Moffe {pain, rElec Str-4 Dex+4}
   (You found it on level 4 of the Dungeon)

   In the hands of one skilled in necromantic magic, it inflicts extra damage on
   living creatures.
   It affects your strength (-4).
   It affects your dexterity (+4).
   It insulates you from electricity.
   It has a curse placed upon it.
Missiles
 j - 80 stones (quivered)
Armour
 c - a +0 shield (worn)
 h - a +0 scale mail (worn)
Jewellery
 o - a ring of positive energy (left hand) {rN+}
   (You found it on level 2 of the Dungeon)
 v - an amulet of the acrobat (around neck)
   (You found it on level 4 of the Dungeon)
Wands
 p - a wand of flame (95)
   (You took it off Natasha on level 3 of the Dungeon)
Scrolls
 e - 2 scrolls of fear {unknown}
 i - 2 scrolls of remove curse {unknown}
 m - 4 scrolls of identify
 n - a scroll of enchant armour {unknown}
 q - a scroll of enchant weapon {unknown}
 s - a scroll of magic mapping {unknown}
 B - a scroll of noise {unknown}
 C - a scroll of amnesia {unknown}
Potions
 d - 2 potions of might
 g - 2 potions of ambrosia {unknown}
 k - 2 potions of curing
 l - 4 potions of flight {unknown}
 r - 2 potions of haste
 u - a potion of lignification {unknown}
 w - a potion of resistance {unknown}
 x - a potion of heal wounds {unknown}
 z - a potion of brilliance {unknown}
Comestibles
 f - 8 rations


   Skills:
 - Level 5.0 Fighting
 * Level 10.3 Axes
 - Level 3.2 Armour
 - Level 3.2 Shields


You had 6 spell levels left.
You didn't know any spells.

Dungeon Overview and Level Annotations

Branches:
Dungeon (5/15)
 Temple: D:4-7

Altars:
Hepliaklqana
Kikubaaqudgha
Qazlal
Trog
Vehumet
Xom
Zin

Shops:
D:4 *

Annotations:
D:5 Prince Ribbit; torrenera's ghost, amateur DrTm


Message History

Quiver which item? (- for none, * to show all) (? for menu, Esc to quit)
Okay, then.
Quiver which item? (- for none, * to show all) (? for menu, Esc to quit)
Quivering
A - 5 tomahawks for throwing.
Throwing (i - inventory. (/) - cycle)
A - 5 tomahawks (quivered)
Press: ? - help, Shift-Dir - straight line, f - Prince Ribbit
Aim: Prince Ribbit You throw a tomahawk.
The tomahawk closely misses Prince Ribbit.
Prince Ribbit blinks!
All of the chunks of flesh in your inventory have rotted away.
Throwing (i - inventory. (/) - cycle)
A - 4 tomahawks (quivered)
Press: ? - help, Shift-Dir - straight line, f/p - Prince Ribbit
Aim: Prince Ribbit
Okay, then.
You closely miss Prince Ribbit. Prince Ribbit closely misses you.
Prince Ribbit hits you!
You closely miss Prince Ribbit. You block Prince Ribbit's attack.
Your shield and scale mail prevent you from hitting Prince Ribbit.
You block Prince Ribbit's attack. Prince Ribbit hits you.
You slash Prince Ribbit!
Prince Ribbit is moderately wounded.
You block Prince Ribbit's attack.
You hit Prince Ribbit.
Prince Ribbit is moderately wounded.
Prince Ribbit blinks!
Throwing (i - inventory. (/) - cycle)
A - 4 tomahawks (quivered)
Press: ? - help, Shift-Dir - straight line, f/p - Prince Ribbit
Aim: Prince Ribbit (moderately wounded)
You throw a tomahawk. The tomahawk hits Prince Ribbit.
Prince Ribbit is moderately wounded.
Prince Ribbit blinks! x2
You start resting.
Throwing (i - inventory. (/) - cycle)
A - 3 tomahawks (quivered)
Press: ? - help, Shift-Dir - straight line, f/p - Prince Ribbit
Aim: Prince Ribbit (moderately wounded)
You throw a tomahawk.
The tomahawk barely misses Prince Ribbit.
Prince Ribbit blinks!
You start resting.
Throwing (i - inventory. (/) - cycle)
A - 2 tomahawks (quivered)
Press: ? - help, Shift-Dir - straight line, f/p - Prince Ribbit
Aim: Prince Ribbit (moderately wounded)
You throw a tomahawk. The tomahawk misses Prince Ribbit.
Throwing (i - inventory. (/) - cycle)
A - a tomahawk (quivered)
Press: ? - help, Shift-Dir - straight line, f/p - Prince Ribbit
Aim: Prince Ribbit (moderately wounded)
You throw a tomahawk. The tomahawk misses Prince Ribbit.
Prince Ribbit blinks!
Prince Ribbit is nearby!
Throwing (i - inventory)
j - 83 stones (quivered)
Press: ? - help, Shift-Dir - straight line, f/p - Prince Ribbit
Aim: Prince Ribbit (moderately wounded)
You throw a stone. The stone closely misses Prince Ribbit.
You closely miss Prince Ribbit.
Prince Ribbit is moderately wounded.
Prince Ribbit hits you.
Prince Ribbit blinks!
Your +0 hunting sling of freezing is covered in frost.
b - a +0 hunting sling of freezing (weapon)
You are too injured to fight recklessly!
You start resting.
You are too injured to fight recklessly!
Firing (i - inventory)
j - 82 stones (quivered)
Press: ? - help, Shift-Dir - straight line, f/p - Prince Ribbit
Aim: Prince Ribbit (moderately wounded)
You shoot a stone. The stone closely misses Prince Ribbit.
Firing (i - inventory)
j - 81 stones (quivered)
Press: ? - help, Shift-Dir - straight line, f/p - Prince Ribbit
Aim: Prince Ribbit (moderately wounded)
You shoot a stone. The stone misses Prince Ribbit.
Your +0 hunting sling of freezing stops glowing.
a - a +0 war axe (weapon)
Prince Ribbit hits you.
You miss Prince Ribbit.
Prince Ribbit is moderately wounded.
Prince Ribbit hits you!
You miss Prince Ribbit.
Prince Ribbit is moderately wounded.
You block Prince Ribbit's attack.
You miss Prince Ribbit.
Prince Ribbit is moderately wounded.
Prince Ribbit catches a spider with his tongue.
Prince Ribbit hits you but does no damage.
Prince Ribbit hits you!
You miss Prince Ribbit.
Prince Ribbit is moderately wounded.
Prince Ribbit hits you but does no damage.
You miss Prince Ribbit.
Prince Ribbit is moderately wounded.
Prince Ribbit hits you but does no damage.
Prince Ribbit hits you.
You miss Prince Ribbit.
Prince Ribbit is moderately wounded.
Prince Ribbit closely misses you.
You closely miss Prince Ribbit.
Prince Ribbit is moderately wounded.
Prince Ribbit hits you!
* * * LOW HITPOINT WARNING * * *
Prince Ribbit hits you!
You die...
Kikubaaqudgha rasps: "You have failed me!
Welcome... death!"

#### # ..# #. #.#
##.####.######
.............#
#.#.##.####.###
#.##.#.##.#.@[...#
..........#F##(#.#
#.####F####(##.#.#
... #(##.#.# .....
#>##.#.# #....F
#(##.#.# #.....
#......# #.....
#....### #. #.....
#.####


You could see Prince Ribbit.

Vanquished Creatures
  A sky beast (D:5)
  A centaur (D:5)
  A hound (D:4)
  2 orc priests
  2 orc wizards
  Natasha (thrice) (D:3)
  5 worker ants
  8 adders
  An ooze (D:1)
  3 worms
  3 dart slugs
  5 leopard geckos
  12 orcs
  A ball python (D:3)
  8 bats
  6 giant cockroaches
  6 goblins
  10 hobgoblins
  5 jackals
  A quokka (D:5)
  8 frilled lizards
  15 kobolds
  6 rats
  A plant (D:1)
114 creatures vanquished.

Notes
Turn   | Place    | Note
-------+----------+-------------------------------------------
     0 | D:1      | sankara the Hill Orc Fighter began the quest for the Orb.
     0 | D:1      | Reached XP level 1. HP: 19/19 MP: 1/1
    51 | D:1      | Reached skill level 3 in Axes
   306 | D:1      | Reached XP level 2. HP: 26/27 MP: 2/2
   496 | D:1      | Reached skill level 4 in Fighting
   567 | D:1      | Reached skill level 4 in Axes
   567 | D:1      | Reached XP level 3. HP: 23/33 MP: 3/3
  1135 | D:2      | Found a bloodstained altar of Trog.
  1219 | D:2      | Reached XP level 4. HP: 41/41 MP: 4/4
  1438 | D:2      | Reached skill level 5 in Axes
  1759 | D:3      | Reached XP level 5. HP: 46/47 MP: 5/5
  1766 | D:3      | Noticed Natasha
  1768 | D:3      | Found a glowing silver altar of Zin.
  1775 | D:3      | Killed Natasha
  1775 | D:3      | Reached skill level 5 in Fighting
  1776 | D:3      | Reached skill level 6 in Axes
  2024 | D:3      | Noticed Natasha
  2031 | D:3      | Killed Natasha
  2037 | D:3      | HP: 9/48 [orc wizard/magic dart (5)]
  2044 | D:3      | HP: 8/48 [poisoned by an adder]
  2047 | D:3      | HP: 3/48 [orc wizard/puff of frost (5)]
  2048 | D:3      | Reached skill level 7 in Axes
  2048 | D:3      | Reached XP level 6. HP: 4/56 MP: 6/6
  2346 | D:3      | Noticed Natasha
  2350 | D:3      | Killed Natasha
  2888 | D:3      | Found a hazy altar of Hepliaklqana.
  3127 | D:4      | Found a radiant altar of Vehumet.
  3138 | D:4      | Reached skill level 8 in Axes
  3556 | D:4      | Found an ancient bone altar of Kikubaaqudgha.
  3559 | D:4      | Became a worshipper of Kikubaaqudgha
  3584 | D:4      | Got a twisted mace
  3585 | D:4      | Identified the cursed +2 mace of Moffe {pain, rElec Str-4 Dex+4} (You found it on level 4 of the Dungeon)
  3598 | D:4      | Found Nisuc's General Store.
  3659 | D:4      | Reached XP level 7. HP: 61/61 MP: 7/7
  3927 | D:5      | Entered Level 5 of the Dungeon
  3933 | D:5      | Reached skill level 9 in Axes
  3973 | D:5      | Found a shimmering altar of Xom.
  3989 | D:5      | Noticed torrenera's ghost (amateur DrTm)
  4017 | D:5      | Found a stormy altar of Qazlal.
  4051 | D:4      | Reached skill level 10 in Axes
  4066 | D:4      | HP: 15/61 [poisoned by a worker ant]
  4074 | D:4      | HP: 15/61 [poisoned by a worker ant]
  4559 | D:5      | Noticed Prince Ribbit
  4777 | D:5      | HP: 9/61 [Prince Ribbit (10)]
  4777 | D:5      | Slain by Prince Ribbit

Vault maps used:
D:1:      matt_arrival_grand_opening, serial_forest,
          infiniplex_forest_clump_diagonal, infiniplex_forest_clump_diagonal,
          infiniplex_forest_pool, infiniplex_forest_lined_room_,
          infiniplex_forest_clump_small, infiniplex_forest_straight_4,
          infiniplex_forest_clump_large
D:2:      nrook_mini_backslash, bloody_trog
D:3:      cheibrodos_pilgrimage, lemuel_doored_altar, zin_academy,
          serial_forest, infiniplex_forest_clump_C, infiniplex_forest_corner_1,
          infiniplex_forest_lined_room_3, infiniplex_forest_end_3,
          infiniplex_forest_lined_4_way, infiniplex_forest_straight_3,
          infiniplex_forest_clump_tiny, minmay_quantized, uniq_natasha
D:4:      vehumet_altar_wand_db, kennysheep_mini, kennysheep_windowed_goal
D:5:      nicolae_qazlal_general_emergency, xom_teletrap_fun,
          overflow_temple_1_default, first_ration, st_stairs_13, uniq_menkaure,
          uniq_prince_ribbit1, uniq_ijyb

Skill      XL: |  1  2  3  4  5  6  7 |
---------------+----------------------+-----
Axes           | 3 4 5 7 8 10 | 10.3
Fighting       | 4 5 |  5.0
Armour         | |  3.2
Shields        | |  3.2

Action                   |  1- 3 |  4- 6 |  7- 9 || total
-------------------------+-------+-------+-------++-------
Melee: War axe           |   121 |   211 |    93 ||   425
 Fire: Hunting sling     |       |       |     2 ||     2
Throw: Tomahawk          |       |       |     5 ||     5
       Stone             |       |       |     1 ||     1
  Use: Scroll            |       |     1 |       ||     1
  Eat: Chunk             |     1 |     8 |     4 ||    13
Armor: Scale mail        |    53 |    71 |    84 ||   208
Dodge: Dodged            |    43 |    71 |    50 ||   164
Block: Shield            |    65 |   112 |    70 ||   247

Table legend:
 A = Spawn XP
 B = Non-spawn XP
 C = Spawn XP percentage of total XP
 D = Spawn monster count
 E = Non-spawn monster count
 F = Spawn count percentage of total count
 G = Total turns spent on level
                    A         B        C        D         E        F      G
               +---------+---------+-------+---------+---------+-------+---------
         Total |       0 |    1023 |   0.0 |       0 |     113 |   0.0 |  4777
               +---------+---------+-------+---------+---------+-------+---------
           D:1 |       0 |      48 |   0.0 |       0 |      25 |   0.0 |  1002
           D:2 |       0 |      66 |   0.0 |       0 |      21 |   0.0 |   929
           D:3 |       0 |     309 |   0.0 |       0 |      42 |   0.0 |  1171
           D:4 |       0 |     276 |   0.0 |       0 |      18 |   0.0 |  1454
           D:5 |       0 |     324 |   0.0 |       0 |       7 |   0.0 |   221
               +---------+---------+-------+---------+---------+-------+---------

Vault maps used:
D:1:      matt_arrival_grand_opening, serial_forest,
          infiniplex_forest_clump_diagonal, infiniplex_forest_clump_diagonal,
          infiniplex_forest_pool, infiniplex_forest_lined_room_,
          infiniplex_forest_clump_small, infiniplex_forest_straight_4,
          infiniplex_forest_clump_large
D:2:      nrook_mini_backslash, bloody_trog
D:3:      cheibrodos_pilgrimage, lemuel_doored_altar, zin_academy,
          serial_forest, infiniplex_forest_clump_C, infiniplex_forest_corner_1,
          infiniplex_forest_lined_room_3, infiniplex_forest_end_3,
          infiniplex_forest_lined_4_way, infiniplex_forest_straight_3,
          infiniplex_forest_clump_tiny, minmay_quantized, uniq_natasha
D:4:      vehumet_altar_wand_db, kennysheep_mini, kennysheep_windowed_goal
D:5:      nicolae_qazlal_general_emergency, xom_teletrap_fun,
          overflow_temple_1_default, first_ration, st_stairs_13, uniq_menkaure,
          uniq_prince_ribbit1, uniq_ijyb

Table legend:
 A = Turns spent in this place as a percentage of turns spent in the entire game.
 B = Non-inter-level travel turns spent in this place as a percentage of non-inter-level travel turns spent in the entire game.
 C = Inter-level travel turns spent in this place as a percentage of turns spent in this place.
 D = Turns resting spent in this place as a percentage of non-inter-level travel turns spent in this place.
 E = Turns spent auto-exploring this place as a percentage of non-inter-level travel turns spent in this place.
 F = Non-inter-level travel turns spent in this place divided by the number of levels of this place that you've seen.
                   A       B       C       D       E      F
               +-------+-------+-------+-------+-------+----------------------
         Total | 100.0 | 100.0 |   1.5 |  29.7 |  47.0 | 941.4
       Dungeon | 100.0 | 100.0 |   1.5 |  29.7 |  47.0 | 941.4
               +-------+-------+-------+-------+-------+----------------------

Table legend:
 A = Kills in this place as a percentage of kills in entire the game.
 B = Kills by you in this place as a percentage of kills by you in the entire game.
 C = Kills by friends in this place as a percentage of kills by friends in the entire game.
 D = Other kills in this place as a percentage of other kills in the entire game.
 E = Experience gained in this place as a percentage of experience gained in the entire game.
 F = Experience gained in this place divided by the number of levels of this place that you have seen.
                   A       B       C       D       E      F
               +-------+-------+-------+-------+-------+----------------------
         Total | 100.0 | 100.0 |   N/A |   N/A | 100.0 | 204.6
       Dungeon | 100.0 | 100.0 |   N/A |   N/A | 100.0 | 204.6
               +-------+-------+-------+-------+-------+----------------------
